Map: Stasis LE

Players

Odin

  • Race: Protoss Protoss
  • League: Gold
  • Spawn Location: 1:00

keyser - Winner!

  • Race: Terran Terran
  • League: Gold
  • Spawn Location: 11:00

VOD

Have the link to the VOD?

Description

Time

  • Played on: Dec. 11, 2018, 8:24 a.m.
  • Length: 6:51
Show
View Real Time Build Order
Export as new Build Order

Odin Protoss 

Build Orders:  

Get SALT Encoding   

  12  0:04  Probe  
  13  0:22  Pylon  
  13  0:23  Probe  
  14  0:31  Probe  
  14  0:42  Gateway  
  15  0:45  Assimilator  
  15  0:47  Probe  
  16  1:11  Assimilator  
  16  1:21  Probe  
  16  1:25  Assimilator  
  17  1:36  Cybernetics Core  
  17  1:40  Probe  
  18  1:47  Pylon  
  18  1:53  Probe  
  19  2:05  Probe  
  20  2:16  Warp Gate  
  20  2:18  Pylon  
  20  2:25  Probe  
  21  2:31  Gateway  
  21  2:37  Probe  
  21  2:41  Robotics Facility  
  22  2:49  Probe, Adept  
  25  3:01  Probe  
  26  3:23  Adept x2  
  30  3:28  Pylon  
  30  3:39  Pylon  
  30  3:40  Probe  
  31  3:46  Immortal  
  35  4:02  Shield Battery x2  
  35  4:04  Shield Battery  
  34  4:40  Immortal  
  34  4:42  Stalker x2  
  42  5:06  Pylon  
  42  5:25  Warp Prism  
  44  5:39  Pylon  
  44  5:54  Stalker  
  46  5:58  Stalker  
  48  6:05  Shield Battery  
  48  6:07  Shield Battery  
  48  6:08  Shield Battery x2  
  42  6:48  Stalker x2  
Show
View Real Time Build Order
Export as new Build Order

keyser Terran - Winner!

Build Orders: Liberator Opening 

Get SALT Encoding   

  12  0:02  SCV  
  13  0:18  Supply Depot  
  13  0:21  SCV  
  14  0:39  SCV  
  15  0:45  Barracks  
  15  0:52  Refinery  
  15  0:55  SCV  
  16  1:07  SCV  
  17  1:19  SCV  
  18  1:31  SCV  
  19  1:34  Supply Depot  
  19  1:41  Marine  
  19  1:43  SCV  
  21  1:59  Marine  
  22  2:02  Factory  
  22  2:09  Barracks  
  22  2:12  Orbital Command  
  22  2:17  Marine  
  23  2:46  SCV  
  23  2:47  Refinery  
  24  2:51  Command Center  
  24  2:57  Starport  
  24  3:08  Factory Tech Lab  
  24  3:20  Liberator  
  24  3:28  Marine  
  24  3:30  Barracks Reactor  
  24  3:33  SCV  
  29  3:45  Marine  
  30  3:49  Engineering Bay  
  30  4:00  Supply Depot  
  30  4:03  Cyclone  
  33  4:24  Supply Depot  
  33  4:54  Marine x2  
  33  4:56  Siege Tank  
  33  4:57  Starport Tech Lab  
  38  5:00  Barracks  
  38  5:07  Armory  
  32  5:25  Marine x2  
  35  5:30  Barracks Tech Lab  
  34  5:39  Orbital Command  
  34  5:41  Raven  
  36  5:43  Marine x2  
  38  5:50  Marine  
  38  5:55  Barracks Reactor  
  39  6:01  Marine  
  40  6:08  Marine  
  41  6:25  Marine  
  41  6:32  Marine x2  
Tags
 
Add a new tag
Caveats
  • Supply blocks, unpowered buildings, or Contaminate may cause inaccurate times.
  • Supply counts are checked every 10 seconds.